Map: Incorporeal LE

Players

Lunos

  • Race: Protoss Protoss
  • League: Gold
  • Spawn Location: 11:00

Sindyr - Winner!

  • Race: Zerg Zerg
  • League: Master
  • Spawn Location: 5:00

VOD

Have the link to the VOD?

Description

Time

  • Played on: Oct. 31, 2025, 3:41 p.m.
  • Length: 13:21
Show
View Real Time Build Order
Export as new Build Order

Lunos Protoss 

Build Orders: 1 Gate Expand 

Get SALT Encoding   

  12  0:00  Probe  
  13  0:12  Probe  
  14  0:20  Pylon  
  14  0:24  Probe  
  15  0:37  Probe  
  16  0:43  Gateway  
  16  0:45  Probe  
  17  0:53  Probe  
  17  0:55  Assimilator  
  18  1:04  Probe  
  19  1:16  Probe  
  20  1:25  Pylon  
  20  1:29  Probe  
  21  1:35  Nexus  
  21  1:41  Probe  
  22  1:49  Cybernetics Core  
  22  1:54  Zealot  
  24  1:57  Probe  
  25  2:05  Assimilator  
  25  2:09  Probe  
  25  2:15  Warp Gate  
  26  2:17  Gateway  
  26  2:21  Probe  
  27  2:28  Stalker  
  27  2:33  Probe  
  30  2:40  Pylon  
  30  2:44  Probe  
  30  2:45  Probe  
  30  2:46  Pylon  
  32  2:52  Probe  
  32  2:57  Probe  
  34  3:09  Probe  
  35  3:13  Stargate  
  35  3:15  Gateway  
  35  3:18  Probe  
  36  3:21  Probe  
  37  3:30  Probe, Assimilator  
  37  3:32  Assimilator  
  37  3:33  Probe  
  39  3:35  Pylon  
  39  3:42  Probe  
  39  3:45  Pylon, Probe  
  41  3:49  Twilight Council  
  41  3:54  Gateway  
  46  4:02  Probe  
  46  4:04  Probe  
  46  4:06  Void Ray  
  46  4:08  Adept  
  47  4:14  Adept  
  45  4:18  Adept  
  45  4:29  Adept  
  45  4:35  Adept  
  44  4:39  Adept  
  42  4:49  Adept  
  42  4:50  Adept  
  43  4:56  Adept  
  38  5:03  Adept  
  30  5:13  Probe x2  
  28  5:16  Adept x3  
  30  5:23  Adept  
  30  5:25  Probe x2  
  30  5:30  Resonating Glaives  
  30  5:33  Probe  
  30  5:35  Probe  
  30  5:41  Probe  
  32  5:43  Probe  
  32  5:44  Adept  
  36  5:52  Probe x2  
  36  5:53  Adept  
  36  5:56  Adept  
  42  6:04  Probe x2  
  44  6:12  Void Ray  
  44  6:16  Probe x2  
  48  6:28  Probe x2  
  50  6:37  Adept  
  50  6:38  Adept  
  54  6:40  Adept, Probe x2  
  58  6:52  Probe  
  55  7:03  Adept x4  
  55  7:08  Probe  
  62  7:12  Robotics Facility  
  62  7:15  Charge  
  56  7:33  Probe x2  
  50  7:47  Adept x4  
  50  8:04  Probe  
  51  8:06  Immortal  
  51  8:18  Forge  
  51  8:24  Probe x2  
  53  8:31  Robotics Facility  
  53  8:36  Probe  
  53  8:40  Probe  
  55  8:45  Nexus  
  55  8:50  Probe  
  55  8:52  Probe  
  57  8:59  Nexus  
  57  9:02  Probe  
  58  9:04  Probe  
  59  9:14  Probe  
  59  9:16  Probe  
  61  9:17  Pylon  
  61  9:20  Pylon  
  61  9:23  Assimilator  
  61  9:26  Probe  
  61  9:27  Assimilator  
  62  9:41  Probe  
  62  9:42  Probe  
  64  9:50  Protoss Ground Weapons Level 1  
  64  9:53  Probe  
  64  9:54  Assimilator, Probe  
  64  9:55  Dark Shrine  
  64  9:58  Assimilator  
  66  10:00  Pylon  
  66  10:02  Pylon  
  66  10:05  Pylon, Probe  
  67  10:07  Robotics Bay  
  67  10:08  Probe  
  68  10:14  Immortal  
  68  10:20  Gateway  
  72  10:23  Probe  
  73  10:28  Gateway  
  73  10:30  Gateway  
  73  10:31  Probe  
  74  10:39  Photon Cannon  
  74  10:42  Photon Cannon  
  74  10:45  Shield Battery  
  74  10:48  Shield Battery  
  74  10:49  Probe  
  75  10:50  Probe x2, Photon Cannon  
  75  10:53  Probe  
  78  10:58  Probe  
  79  11:06  Adept x4  
  80  11:23  Zealot x2  
  80  11:27  Dark Templar x4  
  74  11:44  Zealot x2  
  53  12:02  Void Ray  
  53  12:05  Dark Templar x5  
  62  12:17  Probe  
  63  12:27  Gateway  
  63  12:29  Probe  
  51  12:39  Pylon  
  51  12:40  Nexus  
  41  13:01  Zealot x3  
  41  13:02  Zealot  
  41  13:07  Probe  
  38  13:14  Zealot  
Show
View Real Time Build Order
Export as new Build Order

Sindyr Zerg - Winner!

Build Orders: Pool First 

Get SALT Encoding   

  12  0:03  Drone  
  13  0:09  Drone  
  14  0:16  Overlord  
  14  0:24  Extractor, Drone  
  15  0:34  Drone  
  16  0:44  Spawning Pool  
  16  0:46  Drone  
  16  0:54  Drone  
  17  1:11  Hatchery  
  16  1:14  Drone  
  16  1:18  Extractor  
  16  1:33  Queen  
  16  1:37  Zergling x4  
  16  1:39  Zergling x2  
  21  1:52  Overlord  
  21  2:05  Drone  
  22  2:17  Drone  
  22  2:22  Queen  
  23  2:25  Drone x2  
  23  2:28  Metabolic Boost  
  27  2:32  Zergling x2  
  28  2:45  Drone x4  
  28  2:50  Drone x2  
  34  3:03  Overlord  
  34  3:11  Drone  
  35  3:25  Hatchery, Drone  
  35  3:27  Zergling x10  
  35  3:33  Lair  
  40  3:37  Drone x2  
  40  3:39  Drone  
  43  3:55  Overlord  
  43  4:06  Queen  
  43  4:15  Zergling x18  
  51  4:30  Evolution Chamber  
  49  4:33  Roach Warren  
  46  4:48  Queen  
  46  4:49  Drone x3  
  46  4:50  Drone x6  
  57  4:58  Hydralisk Den, Queen  
  55  5:01  Overlord  
  51  5:21  Roach  
  51  5:22  Roach x6  
  51  5:27  Extractor  
  59  5:41  Spore Crawler  
  58  5:47  Spore Crawler  
  58  5:49  Drone x2  
  60  5:50  Drone  
  60  5:55  Hydralisk x3  
  66  6:04  Hydralisk  
  62  6:11  Overlord x2  
  62  6:12  Extractor  
  61  6:19  Drone x3  
  61  6:21  Extractor  
  55  6:37  Spore Crawler  
  54  6:41  Hydralisk x4  
  54  6:42  Roach x2  
  54  6:43  Zergling x2  
  54  6:44  Zergling x16  
  75  7:00  Roach x4  
  75  7:01  Zergling x2  
  78  7:07  Drone  
  78  7:08  Drone x5  
  78  7:17  Hydralisk  
  73  7:32  Hydralisk  
  73  7:33  Roach x3  
  76  7:41  Hydralisk  
  64  7:52  Hydralisk  
  62  8:00  Roach  
  62  8:01  Roach  
  66  8:11  Drone x3  
  66  8:12  Hydralisk  
  69  8:13  Zergling x2  
  69  8:14  Zergling x8  
  76  8:23  Extractor  
  76  8:25  Hydralisk x2  
  79  8:27  Hydralisk  
  79  8:28  Extractor  
  80  8:35  Drone  
  80  8:36  Drone  
  82  8:47  Overlord x2  
  82  9:02  Overlord x6  
  82  9:12  Drone x5  
  82  9:14  Hydralisk x5  
  97  9:18  Zerg Missile Weapons Level 1  
  97  9:30  Drone x2  
  100  9:31  Drone  
  100  9:57  Evolution Chamber  
  99  10:03  Drone  
  99  10:04  Drone x2  
  99  10:06  Hydralisk  
  99  10:07  Hydralisk x10  
  102  10:09  Zergling x8  
  102  10:10  Zergling x2  
  129  10:27  Zerg Ground Armor Level 1  
  129  10:54  Overlord  
  129  10:56  Hydralisk x4, Roach x2  
  129  10:57  Hatchery, Roach x3  
  146  11:00  Overlord x3  
  134  11:19  Hydralisk x5  
  134  11:20  Roach x4, Hydralisk x2  
  146  11:36  Roach  
  146  11:37  Roach x8  
  162  11:46  Overseer x3  
  150  11:47  Pneumatized Carapace  
  150  11:52  Overseer x2  
  138  11:59  Infestation Pit  
  117  12:10  Overseer  
  117  12:11  Hydralisk  
  117  12:12  Hydralisk, Roach x2  
  117  12:13  Zergling x2  
  117  12:14  Zergling x14  
  117  12:31  Queen  
  117  12:42  Zergling x8  
  117  12:43  Roach x6  
  117  12:44  Roach  
Tags
 
Add a new tag
Caveats
  • Supply blocks, unpowered buildings, or Contaminate may cause inaccurate times.
  • Supply counts are checked every 10 seconds.